[Event "Titled Tuesday Blitz May 9 Early 2023"]
[White "Umarov, Sabir"]
[Black "Lehtosaari, Mauri"]
[WhiteFideId "14200538"]
[BlackFideId "501999"]
[WhiteElo "2371"]
[BlackElo "2515"]
[Result "0-1"]
[Round "04"]
[TimeControl "180+2"]
[Date "2023.05.09"]
[WhiteClock "0:00:12"]
[BlackClock "0:00:11"]

1. e4 d5 2. exd5 Qxd5 3. Nc3 Qd8 4. Nf3 Nf6 5. Bc4 a6 6. a4 Nc6 7. h3 Bf5 8. O-O e6 9. Re1 Be7 10. d3 O-O 11. Bf4 h6 12. Bh2 Nb4 13. Ne2 c6 14. a5 Bh7 15. Nf4 Nbd5 16. c3 Nxf4 17. Bxf4 Nd5 18. Bg3 Bd6 19. Ne5 Bc7 20. d4 Bxa5 21. Qh5 Bc7 22. h4 Nf6 23. Qf3 Rc8 24. b4 Bf5 25. Bf4 Nd5 26. Bg3 Bd6 27. Bd3 Bxd3 28. Qxd3 Be7 29. h5 Nf6 30. Qf3 Bd6 31. Bh4 Be7 32. g4 Nd5 33. Bg3 Bg5 34. Kg2 Qf6 35. Qd3 Nf4+ 36. Bxf4 Qxf4 37. Re4 Qf6 38. f4 Bh4 39. Kh3 Rfd8 40. Rg1 Qe7 41. g5 hxg5 42. fxg5 Bxg5 43. Rh4 Bxh4 44. Qe4 f5 45. Qxh4 Qxh4+ 46. Kxh4 b6 47. h6 Rc7 48. hxg7 Rxg7 49. Rxg7+ Kxg7 50. Nxc6 Rc8 51. d5 exd5 52. Nd4 Rc4 53. Kg5 Rxd4 54. cxd4 a5 0-1


[Site "https://www.chess.com"]

[Event "Titled Tuesday Blitz May 9 Early 2023"]
[White "micke12a"]
[Black "Bilan, Danila"]
[BlackFideId "24161918"]
[WhiteElo "2370"]
[BlackElo "2182"]
[Result "1-0"]
[Round "04"]
[TimeControl "180+2"]
[Date "2023.05.09"]
[WhiteClock "0:00:42"]
[BlackClock "0:00:03"]

1. d4 d5 2. Nf3 Nf6 3. g3 c5 4. Bg2 Nc6 5. O-O Bg4 6. c3 e6 7. Nbd2 cxd4 8. cxd4 Qb6 9. e3 Ne4 10. h3 Bh5 11. Qa4 Bd6 12. Nxe4 dxe4 13. Nd2 Be2 14. Re1 Bb5 15. Qb3 Na5 16. Qc2 f5 17. Nb3 Bd3 18. Qd1 Nc4 19. Bf1 Bxf1 20. Rxf1 O-O 21. Qe2 Rac8 22. Nc5 Bxc5 23. Qxc4 Bb4 24. Qb3 Bd6 25. Qxe6+ Kh8 26. Bd2 Qxb2 27. Qxd6 Qxd2 28. Qd7 Qe2 29. Qxb7 Qh5 30. Kh2 Rc2 31. Qb4 Qf3 32. Qxf8# 1-0


[Site "https://www.chess.com"]

[Event "Titled Tuesday Blitz May 9 Early 2023"]
[White "Santos Flores, Alberto"]
[Black "Omariev, Maksim"]
[WhiteFideId "3601234"]
[BlackFideId "4193423"]
[WhiteElo "2235"]
[BlackElo "2368"]
[Result "0-1"]
[Round "04"]
[TimeControl "180+2"]
[Date "2023.05.09"]
[WhiteClock "0:00:27"]
[BlackClock "0:00:04"]

1. e4 c5 2. Nf3 d6 3. Bb5+ Nd7 4. d4 cxd4 5. Qxd4 a6 6. Bxd7+ Bxd7 7. Nc3 e6 8. Bg5 Qa5 9. O-O-O Rc8 10. Kb1 Rc6 11. Rhe1 f6 12. Be3 Ne7 13. h4 Nc8 14. Qd2 Be7 15. g4 Nb6 16. Bxb6 Qxb6 17. Nd4 Rc4 18. f3 O-O 19. g5 Rfc8 20. Ka1 fxg5 21. hxg5 Qa5 22. f4 Rxc3 23. bxc3 e5 24. Nb3 Qb5 25. fxe5 Qxe5 26. Qd5+ Be6 27. Qxe5 dxe5 28. Kb2 Bxg5 29. Rd6 Kf7 30. Rb6 Rc7 31. Na5 Bc8 32. Rb1 Be3 33. Rb3 b6 34. c4 Bd4+ 35. c3 Be3 36. Ra3 bxa5 37. Rxa5 Bf4 38. c5 h5 39. Kc2 h4 40. Kd3 h3 41. Ke2 h2 42. Kf3 g5 43. Kg2 g4 44. Rf1 g3 45. c6 Ke7 46. Rc5 Kd6 47. Rd5+ Kxc6 48. c4 Be6 49. Rd8 Bxc4 50. Rf8 Bxf1+ 51. Kxf1 h1=Q+ 0-1


[Site "https://www.chess.com"]

[Event "Titled Tuesday Blitz May 9 Early 2023"]
[White "Tatarinov, Dmitry"]
[Black "Staudenhocker43"]
[WhiteFideId "24160067"]
[WhiteElo "2326"]
[BlackElo "2492"]
[Result "0-1"]
[Round "04"]
[TimeControl "180+2"]
[Date "2023.05.09"]
[WhiteClock "0:00:06"]
[BlackClock "0:00:03"]

1. e4 c6 2. d4 d5 3. e5 Bf5 4. h4 h5 5. Bg5 Qb6 6. Bd3 Qxd4 7. Nf3 Qg4 8. O-O f6 9. exf6 gxf6 10. Bxf5 Qxf5 11. Nd4 Qd7 12. Qd3 e5 13. Re1 Kf7 14. Bxf6 Nxf6 15. Rxe5 Bd6 16. Rg5 Rg8 17. Rxg8 Kxg8 18. Qg6+ Qg7 19. Qxg7+ Kxg7 20. Nf5+ Kg6 21. Nxd6 Nbd7 22. Nd2 Ne8 23. Nxe8 Rxe8 24. Kf1 Kf5 25. Nf3 Re4 26. Rd1 Nf6 27. g3 c5 28. Kg2 Ra4 29. a3 Rc4 30. c3 Re4 31. Rd2 b5 32. Ng5 Re7 33. Nh3 Rd7 34. Nf4 a5 35. f3 Ke5 36. Kf2 d4 37. cxd4+ Rxd4 38. Re2+ Kf5 39. Ng2 b4 40. Ne3+ Kg6 41. Rc2 bxa3 42. bxa3 Ra4 43. Rxc5 Rxa3 44. Rg5+ Kf7 45. Rf5 Kg6 46. Rb5 Ra2+ 47. Kf1 Ra3 48. Ke2 Ra2+ 49. Kd3 Ra3+ 50. Kd4 Ra4+ 51. Ke5 Ra3 52. Kd4 a4 53. Rb6 Kf7 54. Nc4 Ra1 55. Ne5+ Ke7 56. Ng6+ Kf7 57. Ne5+ Ke7 58. f4 a3 59. Rb7+ Ke6 60. Nd3 a2 61. Ra7 Kf5 62. Ra3 Rg1 63. Rxa2 Rxg3 64. Ra5+ Kg4 65. Rg5+ Kxh4 66. Rf5 Ng4 67. Rf8 Rf3 68. f5 Kg5 69. Ke4 Rf1 70. Rg8+ Kf6 71. Rg6+ Kf7 72. Nf4 Nf6+ 73. Ke3 Re1+ 74. Kf2 Re5 75. Kg3 Rxf5 76. Rh6 Rg5+ 77. Kf3 Kg7 78. Nxh5+ Kxh6 79. Nxf6 Rf5+ 80. Kg4 Rxf6 81. Kg3 Kg7 82. Kh4 0-1


[Site "https://www.chess.com"]

[Event "Titled Tuesday Blitz May 9 Early 2023"]
[White "Yeritsyan, Hayk"]
[Black "Makhmudov, Shukhrat"]
[WhiteFideId "13307320"]
[BlackFideId "14200775"]
[WhiteElo "2508"]
[BlackElo "2135"]
[Result "1-0"]
[Round "04"]
[TimeControl "180+2"]
[Date "2023.05.09"]
[WhiteClock "0:00:11"]
[BlackClock "0:00:07"]

1. d3 Nf6 2. Nd2 d5 3. Ngf3 c5 4. g3 Nc6 5. Bg2 e5 6. O-O Be7 7. e4 dxe4 8. dxe4 O-O 9. c3 h6 10. Qe2 Qc7 11. a4 b6 12. Rd1 Be6 13. Nc4 Rfd8 14. Rxd8+ Rxd8 15. Nh4 Bg4 16. Bf3 Qd7 17. Be3 Bxf3 18. Qxf3 Qd3 19. Na3 Qxe4 20. Qxe4 Nxe4 21. Nf5 Bf8 22. Nc4 Kh7 23. f3 Nf6 24. Kf2 g6 25. Nh4 Nd5 26. Ke2 f5 27. Ng2 g5 28. Rd1 Be7 29. Bf2 f4 30. Rd3 Bf6 31. Nd2 Nde7 32. Ne4 Bg7 33. g4 Kg6 34. Rxd8 Nxd8 35. Kd3 Kf7 36. Kc4 Ke6 37. Kb5 Kd7 38. Ne1 Kc7 39. Nd3 Ndc6 40. h4 Kb7 41. hxg5 hxg5 42. Nxg5 Na5 43. Nxc5+ bxc5 44. Kxa5 c4 45. Kb5 Nd5 46. Kxc4 Nc7 47. Ne4 a6 48. b4 Kc6 49. b5+ axb5+ 50. axb5+ Nxb5 51. g5 Na3+ 52. Kb3 Nb5 53. c4 Nc7 54. Kb4 Ne6 55. c5 Bf8 56. Kc4 Be7 57. g6 Bf8 58. Nf6 Bg7 59. Nh5 Bh6 60. Nf6 Ng5 61. Ng4 Bg7 62. Nh2 Ne6 63. Bg1 Nd4 64. Bxd4 exd4 65. Ng4 d3 66. Kxd3 Kxc5 67. Ke4 Kd6 68. Kxf4 Ke6 69. Kg5 Ke7 70. f4 Kf8 71. f5 Kg8 72. f6 Kh8 73. fxg7+ Kg8 74. Nh6+ Kxg7 75. Nf5+ Kg8 76. Kf6 Kh8 77. g7+ Kh7 78. Ne7 Kh6 79. g8=Q 1-0


[Site "https://www.chess.com"]

[Event "Titled Tuesday Blitz May 9 Early 2023"]
[White "Matveeva, Olga"]
[Black "Shvedova, Alexandra"]
[WhiteFideId "24107018"]
[BlackFideId "54154782"]
[WhiteElo "2009"]
[BlackElo "1973"]
[Result "0-1"]
[Round "04"]
[TimeControl "180+2"]
[Date "2023.05.09"]
[WhiteClock "0:00:00"]
[BlackClock "0:00:35"]

1. d4 Nf6 2. c4 e6 3. g3 d5 4. Nf3 dxc4 5. Bg2 Nc6 6. O-O Rb8 7. e3 b5 8. a4 a6 9. b3 cxb3 10. Qxb3 Be7 11. Na3 Na5 12. Qc2 O-O 13. Bd2 b4 14. Rfb1 Bd7 15. Ne5 c5 16. dxc5 bxa3 17. c6 Rxb1+ 18. Rxb1 Nxc6 19. Nxc6 Bxc6 20. Bxc6 Nd5 21. Be1 Qd6 22. e4 Nf6 23. Bb4 Qc7 24. Bxe7 Qxe7 25. e5 Nd5 26. Qb3 Rd8 27. Ra1 Nb4 28. Be4 a2 29. Kg2 a5 30. h4 Qc5 31. Qb2 g6 32. Rc1 Qd4 33. Qxd4 Rxd4 34. Bf3 Rd2 0-1


[Site "https://www.chess.com"]

[Event "Titled Tuesday Blitz May 9 Early 2023"]
[White "Hinds, Nathan"]
[Black "Bambino Filho, Antonio Carlos"]
[WhiteFideId "7400730"]
[BlackFideId "2113163"]
[WhiteElo "2001"]
[BlackElo "2507"]
[Result "0-1"]
[Round "04"]
[TimeControl "180+2"]
[Date "2023.05.09"]
[WhiteClock "0:00:10"]
[BlackClock "0:01:53"]

1. Nf3 c5 2. c4 Nc6 3. g3 g6 4. Bg2 Bg7 5. Nc3 e5 6. O-O Nge7 7. d3 O-O 8. Bg5 f6 9. Bd2 d6 10. Ne1 f5 11. f4 Be6 12. e4 Qd7 13. Nc2 Nd4 14. Nxd4 exd4 15. Nd5 fxe4 16. Bxe4 Nxd5 17. cxd5 Bg4 18. Qb3 Rae8 19. Rae1 b5 20. a4 a6 21. axb5 axb5 22. Ra1 c4 23. Qc2 Rc8 24. Bb4 Rfe8 25. Ra6 Rxe4 26. dxe4 d3 27. Qf2 Be2 28. Bc3 Bxc3 29. bxc3 b4 30. Rfa1 bxc3 31. Ra7 Rc7 32. Rxc7 Qxc7 33. Ra7 Qb8 34. Qd4 Qb1+ 35. Kf2 Qf1+ 36. Ke3 Qg1# 0-1


[Site "https://www.chess.com"]

[Event "Titled Tuesday Blitz May 9 Early 2023"]
[White "Pham, Le Thao Nguyen"]
[Black "Kirillov, Dmitry"]
[WhiteFideId "12401226"]
[BlackFideId "34180572"]
[WhiteElo "2286"]
[BlackElo "2161"]
[Result "0-1"]
[Round "04"]
[TimeControl "180+2"]
[Date "2023.05.09"]
[WhiteClock "0:00:00"]
[BlackClock "0:00:12"]

1. d4 d5 2. Nf3 e6 3. c4 Nf6 4. Nc3 Bb4 5. Bg5 h6 6. Bxf6 Qxf6 7. e3 c6 8. Qb3 Qe7 9. Bd3 O-O 10. O-O Nd7 11. Rfd1 f5 12. Ne5 Bd6 13. Ng6 Qg5 14. Nxf8 Nxf8 15. f4 Qf6 16. Ne2 Bd7 17. Qxb7 Rb8 18. Qxa7 dxc4 19. Bxc4 g5 20. Qa4 Rxb2 21. Rab1 Rxb1 22. Rxb1 gxf4 23. exf4 Bxf4 24. Nxf4 Qxd4+ 25. Kh1 Qxf4 26. Rf1 Qe5 27. Qb3 c5 28. a4 Bc6 29. a5 Kf7 30. a6 Qe4 31. Rg1 Ng6 32. Bd3 Qe3 33. Bc2 Qd2 34. Bxf5 Nf4 35. Bxe6+ Nxe6 36. a7 Ke7 37. Qg3 Qa2 0-1


[Site "https://www.chess.com"]

[Event "Titled Tuesday Blitz May 9 Early 2023"]
[White "Senft, Sean"]
[Black "Jovic, Stanoje"]
[WhiteFideId "2044960"]
[BlackFideId "905020"]
[WhiteElo "1989"]
[BlackElo "2236"]
[Result "1-0"]
[Round "04"]
[TimeControl "180+2"]
[Date "2023.05.09"]
[WhiteClock "0:00:15"]
[BlackClock "0:00:00"]

1. d4 Nf6 2. c4 e6 3. Nc3 Bb4 4. Nf3 b6 5. Bg5 h6 6. Bh4 g5 7. Bg3 Ne4 8. Qc2 Bb7 9. Nd2 Nxd2 10. Qxd2 d6 11. f3 f5 12. e3 Nd7 13. Bd3 Qf6 14. Qc2 a5 15. O-O-O Bxc3 16. Qxc3 a4 17. e4 f4 18. Bf2 a3 19. b4 c5 20. e5 cxd4 21. exf6 dxc3 22. Bg6+ Kf8 23. Rxd6 Ne5 24. Rxb6 Bc8 25. Bc5+ Kg8 26. Bh5 Rh7 27. Rd1 Rd7 28. Rxd7 Bxd7 29. Rb7 Nd3+ 30. Kc2 Nxc5 31. bxc5 Ba4+ 32. Kxc3 Rf8 33. f7+ Kg7 34. Kd4 Kf6 35. Rc7 Rd8+ 36. Kc3 Bd1 37. Rd7 Rb8 38. Rxd1 Ke7 39. c6 Rc8 40. Rd7+ Kf8 41. c7 1-0


[Site "https://www.chess.com"]

[Event "Titled Tuesday Blitz May 9 Early 2023"]
[White "Jaskolka, Tomasz"]
[Black "Brueckner, Thomas"]
[WhiteFideId "1170791"]
[BlackFideId "4600452"]
[WhiteElo "2155"]
[BlackElo "2322"]
[Result "1-0"]
[Round "04"]
[TimeControl "180+2"]
[Date "2023.05.09"]
[WhiteClock "0:00:04"]
[BlackClock "0:00:00"]

1. Nc3 e5 2. e4 Nf6 3. f4 d5 4. fxe5 Nxe4 5. Qf3 f5 6. exf6 Nxf6 7. d4 Bb4 8. Bd2 O-O 9. Qg3 Re8+ 10. Nge2 Bxc3 11. Bxc3 Ne4 12. Qf3 Nxc3 13. Qxc3 Bg4 14. h3 Bxe2 15. Bxe2 Qe7 16. Qf3 Nc6 17. c3 Kh8 18. Rf1 Qg5 19. Rf2 h6 20. Kf1 Re3 21. Qf4 Qxf4 22. Rxf4 Rae8 23. Re1 R3e7 24. Rf2 Na5 25. Rd1 c6 26. b3 b5 27. Rd3 Nb7 28. Rdf3 Kg8 29. g3 Nd6 30. Bd3 Ne4 31. Bxe4 Rxe4 32. Kg2 Re2 33. h4 Rxf2+ 34. Kxf2 Re4 35. a4 bxa4 36. bxa4 1-0


[Site "https://www.chess.com"]

[Event "Titled Tuesday Blitz May 9 Early 2023"]
[White "Hirneise, Jens"]
[Black "Fajdetic, Hrvoje"]
[WhiteFideId "24614734"]
[BlackFideId "14501945"]
[WhiteElo "2345"]
[BlackElo "2185"]
[Result "0-1"]
[Round "04"]
[TimeControl "180+2"]
[Date "2023.05.09"]
[WhiteClock "0:00:00"]
[BlackClock "0:00:02"]

1. Nf3 f5 2. e3 d6 3. b3 e5 4. Bb2 Nf6 5. c4 Be7 6. Nc3 O-O 7. Qc2 Nc6 8. a3 a5 9. d4 e4 10. d5 exf3 11. dxc6 bxc6 12. gxf3 f4 13. Rg1 fxe3 14. fxe3 Nh5 15. O-O-O Bf6 16. Bd3 g6 17. Bxg6 hxg6 18. Qxg6+ Ng7 19. Ne4 Bxb2+ 20. Kxb2 Qe7 21. Rg5 Bf5 22. Rxf5 Rxf5 23. Rg1 Rxf3 24. Ka2 Qe5 25. Rg2 Rxe3 26. a4 Rxe4 0-1


[Site "https://www.chess.com"]

[Event "Titled Tuesday Blitz May 9 Early 2023"]
[White "Ardila, Oscar Humberto"]
[Black "Spalir, Jernej"]
[WhiteFideId "4404742"]
[BlackFideId "14606518"]
[WhiteElo "1918"]
[BlackElo "2282"]
[Result "0-1"]
[Round "04"]
[TimeControl "180+2"]
[Date "2023.05.09"]
[WhiteClock "0:00:09"]
[BlackClock "0:01:34"]

1. d4 d5 2. c4 c6 3. cxd5 cxd5 4. Nc3 Nf6 5. Nf3 Nc6 6. Bf4 a6 7. e3 Bg4 8. Be2 e6 9. O-O Bd6 10. Bxd6 Qxd6 11. Rc1 O-O 12. Na4 Ne4 13. Nc5 Nxc5 14. Rxc5 e5 15. Rc3 e4 16. Nd2 Be6 17. f3 exf3 18. Bxf3 f5 19. Nb3 f4 20. e4 dxe4 21. Bxe4 Bd5 22. Bxd5+ Qxd5 23. Qf3 Rad8 24. Qxd5+ Rxd5 25. Rcf3 Nxd4 26. Nxd4 Rxd4 27. Rb3 Rf7 28. h3 g5 29. Rf2 Kg7 30. a3 Rfd7 31. Rb6 R4d6 32. Rb3 b5 33. Rc3 Rd2 34. Rxd2 Rxd2 35. b3 Rd6 36. Kf2 Kg6 37. Kf3 h5 38. Ke4 Re6+ 39. Kd5 Re2 40. g3 Re3 41. Rc6+ Kf5 42. gxf4 gxf4 43. Rxa6 Rxb3 44. Ra8 Rxh3 45. Kd4 Rb3 46. Rf8+ Kg4 47. Rg8+ Kf3 48. Rh8 Rxa3 49. Rxh5 Kf2 50. Ke4 f3 51. Rxb5 Ra4+ 52. Kf5 Kg3 53. Rb3 Kg2 54. Rb7 f2 55. Rg7+ Kf3 0-1


[Site "https://www.chess.com"]

[Event "Titled Tuesday Blitz May 9 Early 2023"]
[White "Perera Alfonso, Rene Humberto"]
[Black "Manon-og, Ramon Jr."]
[WhiteFideId "3514722"]
[BlackFideId "5200776"]
[WhiteElo "2313"]
[BlackElo "2334"]
[Result "1-0"]
[Round "04"]
[TimeControl "180+2"]
[Date "2023.05.09"]
[WhiteClock "0:01:21"]
[BlackClock "0:00:08"]

1. e4 c5 2. Nf3 d6 3. d4 cxd4 4. Nxd4 Nf6 5. Nc3 a6 6. Be3 e5 7. Nb3 Be7 8. h3 O-O 9. Qf3 Be6 10. O-O-O Nbd7 11. g4 h6 12. Rg1 Nh7 13. Kb1 Rc8 14. Nd5 Bxd5 15. exd5 Qc7 16. Bd3 Ng5 17. Qg2 Nf6 18. h4 e4 19. hxg5 exd3 20. cxd3 Qc2+ 21. Ka1 hxg5 22. Rh1 Rfe8 23. Qh3 Kf8 24. Qh8+ Ng8 25. Bd4 Bf6 26. Bxf6 gxf6 27. Nd4 Qxf2 28. Nf5 Re7 29. Qg7+ Ke8 30. Qxg8+ Kd7 31. Qxc8+ Kxc8 32. Nxe7+ Kd7 33. Nf5 Qf3 34. Rde1 Qxd5 35. Re7+ Kc6 36. Re4 Qxd3 37. Rc1+ Kb6 38. Rd4 Qe2 39. Rxd6+ Ka7 40. Rd4 a5 41. a3 Ka6 42. Rd6+ Ka7 43. Rxf6 Qxg4 44. Rxf7 Qf4 45. Rcc7 Qf1+ 46. Ka2 Ka6 47. Rf6+ Ka7 48. Rxb7+ Ka8 49. Rf8+ Kxb7 50. Nd6+ Kc6 51. Rxf1 Kxd6 52. Rf5 Kc6 53. Rxg5 Kb6 54. Kb3 Ka6 55. Ka4 Kb6 56. Rxa5 Kb7 57. b4 Kb6 58. Rc5 Ka6 59. Rc6+ Kb7 60. b5 Ka7 61. Ka5 Kb7 62. a4 Ka7 63. Rc7+ Kb8 64. b6 Ka8 65. Ka6 Kb8 66. a5 Ka8 67. Rc8# 1-0


[Site "https://www.chess.com"]

[Event "Titled Tuesday Blitz May 9 Early 2023"]
[White "Andreev, Konstantin"]
[Black "inhocsignovinces73"]
[WhiteFideId "24239305"]
[WhiteElo "2106"]
[BlackElo "2342"]
[Result "1-0"]
[Round "04"]
[TimeControl "180+2"]
[Date "2023.05.09"]
[WhiteClock "0:01:10"]
[BlackClock "0:00:09"]

1. e4 e5 2. Nf3 Nf6 3. d4 Nxe4 4. Bd3 d5 5. Nxe5 Nd7 6. Nxd7 Bxd7 7. Nc3 Nxc3 8. bxc3 Be7 9. O-O O-O 10. Qh5 g6 11. Qf3 Be6 12. Bf4 Bd6 13. Bh6 Re8 14. h3 Bf8 15. Bf4 Bd6 16. Bh6 Bf8 17. Be3 Bg7 18. Rfe1 Qd7 19. Bf4 c6 20. Rab1 b6 21. h4 Bf5 22. h5 Bxd3 23. cxd3 Rxe1+ 24. Rxe1 Re8 25. Rxe8+ Qxe8 26. h6 Bf8 27. Be5 Qe6 28. Qf4 b5 29. g4 Be7 30. g5 a6 31. Bf6 Bd6 32. Qf3 Qf5 33. Qxf5 gxf5 34. Kg2 Bf4 35. Kf3 Bd2 36. Kg3 Bxc3 37. Kf4 c5 38. Kxf5 c4 39. dxc4 bxc4 40. Kf4 Kf8 41. Ke3 Ke8 42. f4 Kd7 43. f5 Ke8 44. g6 fxg6 45. fxg6 1-0


[Site "https://www.chess.com"]

[Event "Titled Tuesday Blitz May 9 Early 2023"]
[White "Degenbaev, Aziz"]
[Black "Balint, Vilmos"]
[WhiteFideId "13802640"]
[BlackFideId "718050"]
[WhiteElo "2152"]
[BlackElo "2034"]
[Result "1-0"]
[Round "04"]
[TimeControl "180+2"]
[Date "2023.05.09"]
[WhiteClock "0:02:10"]
[BlackClock "0:02:37"]

1. e4 e5 2. Nf3 Nc6 3. d4 exd4 4. Nxd4 Bc5 5. Nb3 Bb6 6. Nc3 d6 7. Qe2 Be6 8. Be3 Nge7 9. O-O-O Qd7 10. f3 O-O-O 11. Bxb6 axb6 12. Qb5 Ne5 13. Qb4 Qc6 14. Bb5 1-0


[Site "https://www.chess.com"]

[Event "Titled Tuesday Blitz May 9 Early 2023"]
[White "Hossain, Enamul"]
[Black "Avalos Parra, Joao"]
[WhiteFideId "10200649"]
[BlackFideId "3402541"]
[WhiteElo "2433"]
[BlackElo "2173"]
[Result "0-1"]
[Round "04"]
[TimeControl "180+2"]
[Date "2023.05.09"]
[WhiteClock "0:00:00"]
[BlackClock "0:01:30"]

1. e4 e5 2. Nf3 Nc6 3. Bb5 a6 4. Ba4 Nf6 5. O-O b5 6. Bb3 Bc5 7. a4 Rb8 8. c3 d6 9. d4 Bb6 10. a5 Ba7 11. Be3 O-O 12. h3 exd4 13. cxd4 Ne7 14. Nc3 Bb7 15. d5 Bxe3 16. fxe3 Ng6 17. Bc2 Re8 18. b4 Nd7 19. Ne2 Nde5 20. Ned4 Nxf3+ 21. gxf3 Qh4 22. Kh2 Bc8 23. Nf5 Bxf5 0-1


[Site "https://www.chess.com"]

[Event "Titled Tuesday Blitz May 9 Early 2023"]
[White "koncheto"]
[Black "Mike24147"]
[WhiteElo "2481"]
[BlackElo "2308"]
[Result "0-1"]
[Round "04"]
[TimeControl "180+2"]
[Date "2023.05.09"]
[WhiteClock "0:00:00"]
[BlackClock "0:00:14"]

1. d4 d5 2. Nc3 Nf6 3. Bf4 c6 4. e3 Bf5 5. f3 e6 6. g4 Bg6 7. h4 h5 8. g5 Ng8 9. Bd3 Ne7 10. Nge2 Nf5 11. Ng3 Nxg3 12. Bxg3 Bd6 13. Kf2 Bxg3+ 14. Kxg3 Qd6+ 15. f4 Bxd3 16. Qxd3 g6 17. Ne2 Nd7 18. Ng1 c5 19. Nf3 O-O 20. Ne5 Nxe5 21. fxe5 Qc7 22. Rhf1 Rac8 23. c3 b5 24. Qxb5 Rb8 25. Qe2 Qa5 26. Rf2 Rb7 27. a3 Rfb8 28. b4 cxb4 29. cxb4 Rxb4 30. Raf1 R4b7 31. Qd3 Kg7 32. Rf6 Rf8 33. R6f3 Qa4 34. e4 dxe4 35. Qxe4 Rd7 36. Qf4 Qxd4 37. Qf6+ Kg8 38. Rf4 Qd3+ 39. R1f3 Qd2 40. Rf2 Qe3+ 41. Kg2 Rd2 42. Rxd2 Qxd2+ 43. Rf2 Qd5+ 44. Qf3 Qxf3+ 45. Rxf3 Rb8 46. Kg3 Rb5 47. Re3 Ra5 48. Kf4 Kf8 49. Ke4 Ke7 50. Kd4 Ra4+ 51. Kc5 Rxh4 52. Kb5 Rg4 53. a4 h4 54. a5 Rxg5 55. Ka6 h3 56. Kxa7 h2 57. Rh3 Rxe5 58. a6 Rh5 0-1


[Site "https://www.chess.com"]

[Event "Titled Tuesday Blitz May 9 Early 2023"]
[White "Goldin, Roman"]
[Black "Korelskiy, Egor"]
[WhiteFideId "2803860"]
[BlackFideId "34329064"]
[WhiteElo "2312"]
[BlackElo "2156"]
[Result "0-1"]
[Round "04"]
[TimeControl "180+2"]
[Date "2023.05.09"]
[WhiteClock "0:00:02"]
[BlackClock "0:01:24"]

1. e4 c5 2. Nf3 e6 3. c3 d5 4. exd5 exd5 5. d4 Nf6 6. g3 Nc6 7. Bg2 Be7 8. O-O O-O 9. Ne5 Be6 10. Re1 Qb6 11. dxc5 Bxc5 12. Nd3 Bd6 13. Be3 Qc7 14. Bc5 Rad8 15. Bxd6 Qxd6 16. Nf4 Bf5 17. Nd2 d4 18. cxd4 Nxd4 19. Nc4 Qb8 20. Nh5 Nxh5 21. Qxh5 Bg6 22. Qe5 Nc2 23. Qxb8 Rxb8 24. Ne5 Nxa1 25. Rxa1 Rfe8 26. f4 f6 27. Nxg6 hxg6 28. Rc1 Rbc8 29. Bd5+ Kh7 30. Rd1 Rcd8 31. Kf2 Re7 32. f5 gxf5 33. g4 Red7 0-1


[Site "https://www.chess.com"]

[Event "Titled Tuesday Blitz May 9 Early 2023"]
[White "Szente Varga, Fruzsina"]
[Black "Zavortink, Matt"]
[WhiteFideId "712264"]
[BlackFideId "2034263"]
[WhiteElo "1994"]
[BlackElo "2485"]
[Result "0-1"]
[Round "04"]
[TimeControl "180+2"]
[Date "2023.05.09"]
[WhiteClock "0:00:06"]
[BlackClock "0:00:14"]

1. e4 e6 2. d4 d5 3. Nd2 Be7 4. c3 c5 5. e5 cxd4 6. cxd4 Qb6 7. Ndf3 Bb4+ 8. Bd2 Nc6 9. Bc3 Nge7 10. Bd3 Nf5 11. Ne2 Bd7 12. Bc2 Rc8 13. O-O Bxc3 14. bxc3 Na5 15. Rb1 Qc7 16. Nd2 b6 17. g4 Ne7 18. f4 f6 19. Kh1 O-O 20. Rf3 fxe5 21. fxe5 Rxf3 22. Nxf3 Rf8 23. Qd3 g6 24. Rg1 Qc4 25. Rg3 Bb5 26. Qxc4 Bxc4 27. Neg1 Bxa2 28. Ng5 Rf2 29. Bd1 Rf1 30. Be2 Re1 31. Nxe6 Bb1 32. Nf4 Be4+ 33. Bf3 Nc4 34. Bxe4 Rxe4 35. Kg2 Rxf4 36. Nh3 Re4 37. Ng5 Re2+ 38. Kh3 Re3 39. Rxe3 Nxe3 40. Ne6 a5 41. Kg3 a4 42. Nc7 a3 43. Kf3 a2 44. Kxe3 a1=Q 45. Kf4 Qxc3 46. Ne6 Qd2+ 47. Kg3 Qe3+ 48. Kg2 b5 49. h4 b4 0-1


[Site "https://www.chess.com"]

[Event "Titled Tuesday Blitz May 9 Early 2023"]
[White "Zampronha, Wladimir Camilo"]
[Black "Turzo, Attila"]
[WhiteFideId "2103087"]
[BlackFideId "704954"]
[WhiteElo "2176"]
[BlackElo "2482"]
[Result "1/2-1/2"]
[Round "04"]
[TimeControl "180+2"]
[Date "2023.05.09"]
[WhiteClock "0:00:13"]
[BlackClock "0:00:10"]

1. e4 c5 2. Nf3 Nc6 3. d4 cxd4 4. Nxd4 g6 5. Nc3 Bg7 6. Be3 Nf6 7. Bc4 Qa5 8. O-O O-O 9. Bb3 d6 10. h3 Bd7 11. f4 Nxd4 12. Bxd4 e5 13. Be3 Bc6 14. Qd3 Rad8 15. f5 Kh8 16. Bg5 Qb4 17. a3 Qd4+ 18. Qxd4 exd4 19. Ne2 Bxe4 20. fxg6 fxg6 21. Nxd4 h6 22. Bh4 g5 23. Bf2 Nh5 24. Ne6 Bxb2 25. Rae1 Bc6 26. Nxd8 Rxd8 27. a4 Nf4 28. Kh2 Nxg2 29. Re7 Be5+ 30. Bg3 Nf4 31. Rd1 Rf8 32. Rf7 Rxf7 33. Bxf7 Kg7 34. Bb3 Kf6 35. Rf1 Kf5 36. h4 a6 37. hxg5 hxg5 38. Re1 Be4 39. Rd1 d5 40. Re1 Bc3 41. Rd1 Ke5 42. Rf1 b5 43. axb5 axb5 44. Rd1 b4 45. Rf1 Bd4 46. Rd1 Bc3 47. Rf1 Kf5 48. Rd1 Ke5 1/2-1/2


[Site "https://www.chess.com"]

[Event "Titled Tuesday Blitz May 9 Early 2023"]
[White "ElenGajger"]
[Black "Zaichenko, Daria"]
[BlackFideId "4197453"]
[WhiteElo "2479"]
[BlackElo "2039"]
[Result "1-0"]
[Round "04"]
[TimeControl "180+2"]
[Date "2023.05.09"]
[WhiteClock "0:02:16"]
[BlackClock "0:00:44"]

1. e4 c5 2. Nc3 Nc6 3. Bb5 g6 4. Bxc6 bxc6 5. f4 Bg7 6. Nf3 e6 7. O-O d5 8. e5 Ne7 9. d3 Ba6 10. b3 c4 11. bxc4 dxc4 12. d4 Nd5 13. Ne4 O-O 14. c3 f6 15. exf6 Nxf6 16. Nc5 Bc8 17. Ne5 Nd5 18. Nxc6 Qc7 19. Ne5 Nxc3 20. Qc2 Nd5 21. Qxc4 Bxe5 22. fxe5 Rxf1+ 23. Qxf1 Bd7 24. Bh6 Rb8 25. Qf2 Qd8 26. Rf1 Bc6 27. Qf7+ Kh8 28. Bg7# 1-0


[Site "https://www.chess.com"]

[Event "Titled Tuesday Blitz May 9 Early 2023"]
[White "Barbot, Pierre"]
[Black "Sowul, Bartosz"]
[WhiteFideId "663727"]
[BlackFideId "1137590"]
[WhiteElo "2431"]
[BlackElo "2188"]
[Result "0-1"]
[Round "04"]
[TimeControl "180+2"]
[Date "2023.05.09"]
[WhiteClock "0:00:05"]
[BlackClock "0:01:42"]

1. d4 Nf6 2. Nc3 d5 3. Bf4 g6 4. e3 Bg7 5. h4 c6 6. Be2 h5 7. Nf3 Nbd7 8. Ng5 b5 9. a3 a5 10. O-O O-O 11. Bd3 Nb6 12. Ne2 Nc4 13. Qc1 Ng4 14. c3 e5 15. dxe5 Ncxe5 16. Bc2 Nh6 17. Nd4 Bd7 18. Qb1 Qe7 19. a4 b4 20. cxb4 axb4 21. b3 c5 22. Nb5 Bxb5 23. axb5 Rxa1 24. Qxa1 Nf3+ 0-1


[Site "https://www.chess.com"]

[Event "Titled Tuesday Blitz May 9 Early 2023"]
[White "Jiganchine, Roman"]
[Black "WindWhistler11"]
[WhiteFideId "2603667"]
[WhiteElo "2277"]
[BlackElo "2470"]
[Result "0-1"]
[Round "04"]
[TimeControl "180+2"]
[Date "2023.05.09"]
[WhiteClock "0:00:00"]
[BlackClock "0:00:06"]

1. e4 e6 2. d4 d5 3. Nd2 Nc6 4. Ngf3 Nf6 5. e5 Nd7 6. Bb5 f6 7. exf6 Qxf6 8. Bxc6 bxc6 9. O-O Bd6 10. Nb3 a5 11. a4 O-O 12. Bg5 Qg6 13. Bh4 c5 14. Bg3 c4 15. Nc5 Nxc5 16. dxc5 Bxc5 17. Bxc7 Ra7 18. Be5 Bd7 19. b3 cxb3 20. cxb3 Be8 21. Rc1 Bb6 22. Rc8 Raf7 23. Bd6 Rxf3 24. Rxe8 Qxe8 25. gxf3 Rf6 26. Bg3 Qf7 27. Re1 Rxf3 28. Qe2 Rf6 29. Qc2 h5 30. Re2 Rg6 31. Qc6 Bd4 32. Qa8+ Kh7 33. Rc2 Qf3 34. Qc8 h4 0-1


[Site "https://www.chess.com"]